 Dungeon Crawl Stone Soup version 0.21.1-1-g345015fe64 (webtiles) character file.

65 KleinerIrrer the Shield-Bearer (level 4, 0/35 HPs)
             Began as a Formicid Fighter on Mar 26, 2018.
             Slain by an adder (4 damage)
             ... on level 2 of the Dungeon.
             The game lasted 00:02:13 (1231 turns).

KleinerIrrer the Shield-Bearer (Formicid Fighter)   Turns: 1231, Time: 00:02:14

Health: 0/35       AC:  9    Str: 26    XL:     4   Next: 34%
Magic:  4/4        EV:  8    Int: 13    God:
Gold:   59         SH: 10    Dex: 10    Spells: 3/3 levels left

rFire    . . .     SeeInvis +   a - +0 war axe
rCold    . . .     Gourm    .   c - +0 shield
rNeg     . . .     Faith    .   b - +0 scale mail
rPois    .         Spirit   .   (helmet unavailable)
rElec    .         Reflect  .   (no cloak)
rCorr    .         Harm     .   (no gloves)
MR       .....                  e - +1 pair of boots
Stlth    ..........             (no amulet)
HPRegen  0.11/turn              (no ring)
MPRegen  0.09/turn              (no ring)

@: mighty, brilliant, lethally poisoned (0 -> -3), flying
A: permanent stasis, dig shafts and tunnels, four strong arms, antennae 3
a: Dig, Shaft Self


You were on level 2 of the Dungeon.
You were not hungry.

You visited 1 branch of the dungeon, and saw 2 of its levels.

You collected 59 gold pieces.

Inventory:

Hand Weapons
 a - a +0 war axe (weapon)
 j - a +0 whip of venom
Armour
 b - a +0 scale mail (worn)
 c - a +0 shield (worn)
 e - a +1 pair of boots (worn)
Scrolls
 g - a scroll of blinking {unknown}
 h - 2 scrolls of noise {unknown}
 i - a scroll of teleportation {unknown}
 m - a scroll of magic mapping {unknown}
 n - a scroll of identify {unknown}
Comestibles
 f - 2 rations
 o - a chunk of flesh


   Skills:
 - Level 3.4 Fighting
 * Level 3.4 Axes
 + Level 3.7 Armour
 + Level 4.2 Shields


You had 3 spell levels left.
You didn't know any spells.

Dungeon Overview and Level Annotations

Branches:
Dungeon (2/15)

Altars:


Innate Abilities, Weirdness & Mutations

You cannot be hasted, slowed, berserked, paralysed or teleported.
You can dig through walls and to a lower floor.
Your four strong arms can wield two-handed weapons with a shield.
You have a pair of large antennae on your head. (SInv)


Message History

You feel clever all of a sudden. The adder barely misses you.
You block the adder's attack.
It was a potion of flight.
You feel very buoyant.
You fly up into the air.
You feel sick. You block the adder's attack.
You closely miss the adder.
You feel sick. You block the adder's attack. The adder closely misses you.
You closely miss the adder. You block the adder's attack.
The adder barely misses you.
You barely miss the adder.
You feel sick. The adder bites you.
* * * LOW HITPOINT WARNING * * *
You closely miss the adder. The adder closely misses you.
The adder bites you but does no damage.
Your shield and scale mail prevent you from hitting the adder.
* * * LOW HITPOINT WARNING * * *
You feel sick. The adder closely misses you. The adder barely misses you.
Unknown command.
You feel very mighty all of a sudden. The adder bites you.
You die...

#.## ### #... ..# ####
#.# # #.# # #.# ### #.#
#.. ##########.# #.#
#.@......#.# #.#
#S######.#.# #.# {...
#......# #.#
.....###....########..
.......'................
.......###....#########.
..............# #..
.....########.# ####.
#.# #....


You could see an adder.

Vanquished Creatures
  3 adders (D:2)
  A leopard gecko (D:2)
  7 bats
  A giant cockroach (D:1)
  3 hobgoblins
  3 jackals (D:2)
  4 kobolds
  2 frilled lizards
  6 goblins
  8 rats
38 creatures vanquished.

Notes
Turn   | Place    | Note
-------+----------+-------------------------------------------
     0 | D:1      | KleinerIrrer the Formicid Fighter began the quest for the Orb.
     0 | D:1      | Reached XP level 1. HP: 18/18 MP: 1/1
   135 | D:1      | Reached XP level 2. HP: 23/24 MP: 2/2
   439 | D:2      | Reached skill level 4 in Shields
   439 | D:2      | Reached XP level 3. HP: 23/29 MP: 3/3
   802 | D:2      | Reached XP level 4. HP: 33/35 MP: 4/4
  1231 | D:2      | Slain by an adder

Skill      XL: |  1  2  3 |
---------------+----------+-----
Shields        | 4 |  4.2
Axes           | 3 |  3.4
Fighting       | |  3.4
Armour         | |  3.7

Action                   |  1- 3 |  4- 6 || total
-------------------------+-------+-------++-------
Melee: War axe           |    90 |    70 ||   160
  Use: Potion            |       |     3 ||     3
  Eat: Chunk             |       |     1 ||     1
Armor: Scale mail        |    53 |    38 ||    91
Dodge: Dodged            |    30 |    37 ||    67
Block: Shield            |    62 |    58 ||   120
